[Event "GER-ch Youth-ODJM 2022 A"]
[Site "Willingen"]
[Date "2022.06.09"]
[Round "7.16"]
[White "Kruse, Victor"]
[Black "Fuchs, Florian"]
[Result "1-0"]
[ECO "D30"]
[WhiteElo "1733"]
[BlackElo "2320"]
[Annotator "TA"]
[PlyCount "97"]
[EventDate "2022.06.05"]
[EventType "swiss"]
[EventRounds "9"]
[EventCountry "GER"]
[SourceTitle "playchess.com"]
[Source "ChessBase"]
[SourceQuality "1"]
[TimeControl "40/4500+30:900+30"]

1. d4 d5 2. c4 e6 3. Nf3 c6 4. e3 f5 5. Nc3 Nf6 6. b3 {[%emt 0:00:00] A85: Dutch Defence: 2 c4 Nf6 3 Nc3.} Bd6 7. Bb2 O-O 8. Rc1 {[%emt 0:00:00] White has an edge.} Nbd7 9. Bd3 Ne4 10. O-O Qf6 11. Ne2 Qh6 {[%emt 0:15:44] [#]} 12. Rc2 $146 ({Predecessor:} 12. Ne5 Ndf6 13. h3 Bd7 14. Nxd7 Nxd7 15. f4 Ndf6 16. Qe1 g5 17. Bxe4 Nxe4 18. fxg5 Qxg5 {0-1 (36) Rathi,D (1548)-Janani,J (1857) Chennai 2016}) 12... Ndf6 13. Qc1 $2 (13. Ne5 $14 {stays ahead.}) 13... Ng5 $1 $19 {[%emt 0:03:28] ( -> ...Nxf3+)} 14. Ng3 Ng4 (14... Nxf3+ $19 15. gxf3 f4 16. exf4 Nh5) 15. h4 $17 Nxf3+ 16. gxf3 Bxg3 17. fxg4 {[%emt 0:00:36] [#]} Bxh4 (17... Bh2+ $1 $17 18. Kg2 Qxh4) 18. f4 $11 {[%emt 0:03:16] aiming for g5.} fxg4 {[%emt 0:01:35] Threatens to win with ...g3.} 19. Ba3 Rf7 {[%emt 0:02:49] ...a5 is the strong threat.} 20. Rh2 g3 21. Rh1 e5 (21... dxc4 $11 22. Qxc4 Qf6) 22. dxe5 $14 {[%emt 0:01:18] And now Kg2 would win.} Bf5 (22... g2 $14 23. Kxg2 dxc4 24. bxc4 (24. Qxc4 Be6 $11) 24... g5) 23. Bxf5 $18 Rxf5 24. Qc2 Rh5 {[%emt 0:06:51] [#]} 25. Kg2 $1 Qg6 {[%emt 0:06:48] [#]} (25... Re8 $16) 26. Qxg6 {[%emt 0:01:28] Chess con chili.} (26. f5 $1 $18 {[%cal Rf5g6] and the rest is easy.} Qf7 27. Qe2 Rxf5 28. Rxh4) 26... hxg6 $16 27. cxd5 cxd5 28. Rd1 $36 {[%emt 0:00:16][%mdl 2048] White has strong initiative.} Rc8 29. Rc1 {[%emt 0:00:58] Against Rc2+} ({Reject} 29. Rxd5 $6 Rc2+ 30. Kf3 Rxa2 $11) 29... Rc6 30. Rxc6 bxc6 $18 {[%emt 0:00:05][%mdl 4096] Endgame KRB-KRB} 31. Rc1 g5 (31... Rf5 $142) 32. Rxc6 ({White should try} 32. f5 $18) 32... d4 $2 (32... gxf4 $16 {is more resistant.} 33. exf4 Rf5) 33. e6 {[%emt 0:01:02] White wants to mate with e7.} gxf4 34. Rc8+ Kh7 35. exf4 Ra5 36. e7 Bxe7 37. Bxe7 Rxa2+ 38. Kxg3 {[%emt 0:00:13] KRB-KR} a5 39. Rd8 Rb2 40. Rxd4 Rxb3+ 41. Kg4 {[%emt 0:15:08] Strongly threatening Rd7.} Rb6 42. Ra4 g6 (42... Rg6+ $18 43. Kf5 Ra6) 43. Rxa5 Rc6 44. Kg5 {[%emt 0:00:15] White threatens Bf6 and mate.} Rb6 45. Bf6 {[%emt 0:00:39] White mates.} Rb7 46. Re5 Rb4 47. Re7+ Kg8 48. Kxg6 Rxf4 49. Re8# {Never resign too early!  Weighted Error Value: White=0.20 (precise) /Black=0.74} 1-0

[Event "GER-ch Youth-ODJM 2022 A"]
[Site "Willingen"]
[Date "2022.06.09"]
[Round "7.17"]
[White "Nguyen, Phuc Nhat"]
[Black "Herter, Arne"]
[Result "1/2-1/2"]
[ECO "C50"]
[WhiteElo "1809"]
[BlackElo "1943"]
[Annotator "TA"]
[PlyCount "69"]
[EventDate "2022.06.05"]
[EventType "swiss"]
[EventRounds "9"]
[EventCountry "GER"]
[SourceTitle "playchess.com"]
[Source "ChessBase"]
[SourceQuality "1"]
[TimeControl "40/4500+30:900+30"]

1. e4 e5 2. Nf3 Nc6 3. Bc4 Bc5 4. d3 Nf6 5. Nc3 d6 6. h3 a6 $1 {[%emt 0:00:00][%mdl 4] is more profitable than 6...h6 at the moment.} 7. a3 {[%emt 0:00:00] C50: Hungarian Defence and Giuoco Pianissimo.} Ba7 {[%emt 0:00:00] [#]} 8. Qe2 $146 ({Predecessor:} 8. O-O h6 9. Be3 g5 10. Nh2 g4 11. hxg4 Rg8 12. Qf3 Qe7 13. Nd5 Nxd5 14. Bxd5 Nd4 {1-0 (26) Firouzja,A (2702)-Sunilduth Lyna,N (2611) chess24.com INT 2020}) 8... O-O 9. Bg5 Be6 (9... h6 $5 10. Bxf6 Qxf6 $11) 10. Nd5 Bxd5 11. Bxd5 h6 12. Bh4 g5 13. Bxc6 bxc6 {[%emt 0:01:31] [#]} 14. Nxg5 hxg5 $15 15. Bxg5 {[%emt 0:00:58] And now Qf3 would win.} Qe7 16. Qf3 (16. Qd2 $142) 16... Kg7 $17 17. Qg3 {[%emt 0:02:15] Strongly threatening Bd2+.} Qe6 (17... Rh8 18. Rf1 Qe6 19. Be3+ Kf8 20. Bxa7 Rxa7 21. f4 $17) ({Black should try} 17... Rg8 $19 18. f4 exf4) 18. f4 (18. Be3+ $17 {was called for.} Kh8 19. Bxa7 Rxa7 20. O-O (20. Qh4+ Nh7 $17)) 18... exf4 19. Bxf4+ Kh8 20. Rf1 (20. Be3 $17) 20... Nh7 21. Qh4 (21. b3 $142) 21... Bd4 22. c3 Bg7 23. Rf2 f5 24. Re2 (24. Kf1 $142) 24... fxe4 $19 25. dxe4 Qf6 (25... Rab8 $142 {[%cal Ob8b2] White must now prevent ...Rxb2!} 26. e5 Qf5) 26. Qxf6 Rxf6 ({Not} 26... Bxf6 27. O-O-O $17) 27. g3 Bh6 ({Black should play} 27... Re6 $19 28. Kd2 Nf8) 28. e5 $17 Re6 29. O-O-O (29. Bxh6 $17 Rxh6 30. exd6 cxd6 31. h4) 29... Bxf4+ ({Better is} 29... Bg7 $19 30. Rf1 Rae8) 30. gxf4 Rae8 (30... Nf6 $142 31. Rg1 Nd7) 31. Rde1 (31. Re4 $142) 31... Kg7 $2 {[%emt 0:01:19] [#]} (31... Nf8 $17 {...Kg7 is the strong threat.} 32. h4 Nd7) 32. exd6 $1 $11 {[%emt 0:01:02] The position is equal.} Rxe2 33. Rxe2 Rxe2 34. d7 Re1+ 35. Kc2 $1 {[%emt 0:00:30] Weighted Error Value: White=0.32/Black=0.33} ({But not} 35. Kd2 Re6 36. d8=Q Rd6+ 37. Qxd6 cxd6 $17) 1/2-1/2

[Event "GER-ch Youth-ODJM 2022 A"]
[Site "Willingen"]
[Date "2022.06.09"]
[Round "7.18"]
[White "Frohnhäuser, Simon"]
[Black "Sabirov, Rafael"]
[Result "1-0"]
[ECO "B43"]
[WhiteElo "1944"]
[BlackElo "1704"]
[Annotator "TA"]
[PlyCount "85"]
[EventDate "2022.06.05"]
[EventType "swiss"]
[EventRounds "9"]
[EventCountry "GER"]
[SourceTitle "playchess.com"]
[Source "ChessBase"]
[SourceQuality "1"]
[TimeControl "40/4500+30:900+30"]

1. e4 c5 2. Nf3 e6 3. d4 cxd4 4. Nxd4 a6 5. Nc3 Qc7 6. Bd3 Nf6 7. Qe2 d6 8. f4 Nbd7 {[%emt 0:00:00] B82: Sicilian Scheveningen: 6 f4.} 9. g4 g6 10. g5 Nh5 {[%emt 0:06:13] White is slightly better.} 11. Bd2 {[%emt 0:00:00] [#] White is more active.} (11. Be3 $14) 11... Be7 $146 (11... Bg7 $15 {keeps the upper hand.} 12. Qf2 Qb6) ({Predecessor:} 11... Nb6 12. O-O-O Bd7 13. e5 O-O-O 14. Ne4 dxe5 15. fxe5 Qxe5 16. Nf3 Qc7 17. Ba5 Nf4 {1-0 (51) Gonzalez de la Torre,S (2450)-Cacho Reigadas,S (2511) Linares 2014}) 12. O-O-O $16 Nc5 13. Kb1 O-O 14. f5 b5 15. Qf2 (15. a3 $1 $16) 15... Bb7 (15... b4 $11 {keeps the balance.} 16. Nce2 e5) 16. fxe6 ({White should play} 16. f6 $16 Bd8 17. a3) 16... fxe6 $15 17. Qh4 (17. Qe2 $11) 17... Ng7 $17 {[%emt 0:06:54] Strongly threatening ...b4.} 18. Qg4 (18. b4 $17 {keeps fighting.}) 18... e5 (18... b4 $19 19. Nce2 e5) 19. Nb3 Nxd3 20. cxd3 {[%emt 0:00:08] [#]} Bc8 (20... b4 $1 $17 21. Nd5 Bxd5 22. exd5 a5) 21. Qg3 Be6 {[%emt 0:00:43] Hoping for ...b4.} 22. Rc1 {[%emt 0:03:13] And now Nd5 would win.} Qb7 {[%emt 0:00:51] Against Nd5} 23. Na5 Qd7 $36 {[%emt 0:03:31][%mdl 2048] Black is really pushing.} 24. Ne2 (24. Nd5 $142 Bd8 25. Nc6) 24... Bd8 (24... Nh5 $17 25. Qe3 Bg4) 25. Rhf1 (25. Nc6 $15) 25... Bb6 26. Bb4 (26. Rxf8+ {is a better defense.} Rxf8 27. Qe1) 26... Bh3 $2 (26... Rxf1 $19 {and Black stays clearly on top.} 27. Rxf1 Nh5) 27. Rxf8+ Rxf8 28. Ng1 (28. d4 $17 {is the only way for White.}) 28... Be6 $19 {[%emt 0:01:45] Threatens to win with ...Rf2. A strong pair of Bishops.} 29. Qe1 Qf7 (29... Nh5 $19 {...Nf4 is the strong threat.} 30. Ne2 Rf3) 30. Bxd6 $15 {[%emt 0:07:58] [#]} Bxa2+ ({Black should try} 30... Rd8 $1 $17 31. Bxe5 Bxa2+ 32. Ka1 Rxd3) 31. Ka1 $11 Bd4 $2 32. Bxf8 $18 Kxf8 33. Nc6 Qb3 34. Qb4+ Qxb4 35. Nxb4 {[%emt 0:00:05] Dancing on a razor blade.} Be6 36. Nf3 Be3 37. Rc6 Bf4 38. Nd5 a5 (38... Bxd5 $142 39. exd5 Nf5 40. Rxa6 Ke8) 39. Nxf4 exf4 40. d4 Ke7 41. d5 Bg4 42. Ne5 Be2 43. d6+ {[%emt 0:01:26] Weighted Error Value: White=0.38/Black=0.85} 1-0

[Event "GER-ch Youth-ODJM 2022 A"]
[Site "Willingen"]
[Date "2022.06.09"]
[Round "7.19"]
[White "Gallasch, Robin"]
[Black "Zha, Kevin"]
[Result "1/2-1/2"]
[ECO "A04"]
[WhiteElo "2063"]
[BlackElo "1835"]
[Annotator "TA"]
[PlyCount "72"]
[EventDate "2022.06.05"]
[EventType "swiss"]
[EventRounds "9"]
[EventCountry "GER"]
[SourceTitle "playchess.com"]
[Source "ChessBase"]
[SourceQuality "1"]
[TimeControl "40/4500+30:900+30"]

1. Nf3 g6 2. d4 Bg7 3. g3 f5 4. Bg2 Nf6 5. O-O d6 6. c4 O-O 7. b3 Qe8 8. Bb2 Nbd7 {[%emt 0:00:00] A87: Dutch Defence: Leningrad System: 5 Nf3.} 9. Nc3 c6 {[%emt 0:03:58] [#]} 10. a4 $146 (10. Re1 $16) ({Predecessor:} 10. d5 Nc5 11. Nd4 Bd7 12. Qc2 a5 13. Rad1 Rc8 14. Qb1 Qf7 15. Ba3 h5 16. dxc6 bxc6 17. Bxc5 dxc5 {1-0 (39) Vertetics,A (2464)-Gazik,I (2322) Velky Cetin 2018}) 10... h6 (10... e5 $11) 11. a5 Rb8 12. Qc2 Rf7 13. d5 cxd5 (13... Nc5 $14) 14. cxd5 Nc5 15. Nd2 (15. Nd4 $16) 15... b5 (15... Bd7 $11 {remains equal.}) 16. axb6 $1 $16 axb6 17. b4 Na6 18. Qb3 b5 19. Ra5 e5 20. Rfa1 Nc7 21. e4 Bf8 22. Qd1 Bd7 23. Qe2 h5 (23... Ra8 $11 {keeps the balance.}) 24. Nf3 Bh6 25. Nh4 Kh7 (25... Rg7 $142) 26. exf5 gxf5 27. Qc2 {[%emt 0:00:37] White is more active.} e4 (27... Qg8 $16 28. Ra7 (28. Nxf5 Qg6 $16) 28... Rc8) 28. Nxe4 Nxe4 $14 29. Qxc7 Rc8 $1 {[%emt 0:00:14] [#]} 30. Qb6 {[%emt 0:03:05] Black must now prevent Bxe4.} Nxf2 31. Qxd6 ({But not} 31. Kxf2 $2 Rc2+ 32. Kf1 Qe2+ 33. Kg1 Be3+ 34. Qxe3 Qxe3+ $19) (31. Qxf2 $2 Be3 32. Bd4 Bxf2+ $19) 31... Re7 32. Ra6 $4 {[%emt 0:01:01][%mdl 8192] [#]} (32. h3 $1 $14 Ne4 33. Bxe4 Rxe4 34. Nf3 (34. Ra6 Re1+ 35. Rxe1 Qxe1+ 36. Kh2 Rc2+ 37. Ng2 Rxg2+ 38. Kxg2 Qe2+ 39. Kh1 Qe4+ 40. Kh2 Qe2+ 41. Kh1 Qe4+ 42. Kh2 Qe2+ 43. Kh1 $11)) 32... Re1+ $2 ({Black should play} 32... Be3 $1 $19 33. Qg6+ Qxg6 34. Nxg6 Ree8) 33. Bf1 $11 {[%emt 0:01:07] The position is equal.} (33. Rxe1 Qxe1+ 34. Bf1 Nh3+ 35. Kg2 Rc2+ 36. Kxh3 Qxf1+) 33... Nh3+ 34. Kh1 $1 (34. Kg2 {gets mated.} Qe4+ 35. Kxh3 Qg4+ 36. Kg2 Rc2+ 37. Kh1 Qe4+) 34... Qe4+ 35. Ng2 Nf2+ 36. Kg1 {[%emt 0:00:03][%csl Ga6][%cal Rd6g6] Really sharp!} Nh3+ {[%emt 0:00:10] Weighted Error Value: White=0.27 (precise) /Black=0.34} 1/2-1/2

[Event "GER-ch Youth-ODJM 2022 A"]
[Site "Willingen"]
[Date "2022.06.09"]
[Round "7.20"]
[White "Scherer, Josua"]
[Black "Brockmeyer, Tobias"]
[Result "0-1"]
[ECO "C07"]
[WhiteElo "1856"]
[BlackElo "1936"]
[Annotator "TA"]
[PlyCount "76"]
[EventDate "2022.06.05"]
[EventType "swiss"]
[EventRounds "9"]
[EventCountry "GER"]
[SourceTitle "playchess.com"]
[Source "ChessBase"]
[SourceQuality "1"]
[TimeControl "40/4500+30:900+30"]

1. e4 e6 2. d4 d5 3. Nd2 c5 4. exd5 Qxd5 5. Ngf3 cxd4 6. Bc4 Qd7 {[%emt 0:00:00] C07: French Tarrasch: 3...c5, 4 Ngf3 and 4 exd5 Qxd5.} 7. O-O {[%emt 0:00:00][%mdl 1024] White has compensation.} Nf6 8. Nb3 (8. Ne5 {looks sharper.} Qc7 9. Ndf3 Bd7 10. Qxd4 Nc6 11. Nxc6 Bxc6 12. Bf4) 8... Nc6 {[%emt 0:00:00] The position is equal.} 9. Re1 Bb4 10. Bd2 Bxd2 11. Qxd2 O-O 12. Rad1 Qc7 13. Nbxd4 Nxd4 14. Qxd4 Bd7 {[%emt 0:02:12] [#]} 15. Bb3 $146 ({Predecessor:} 15. Ne5 Rfd8 16. Qe3 b6 17. Rd4 Be8 18. Red1 Rac8 19. Bb3 Rxd4 20. Qxd4 Qc5 21. Qxc5 Rxc5 {1-0 (69) Ivkov,B (2411)-Mednikova,S (2165) Davos 2008}) 15... Bc6 16. Qe5 Rac8 17. Qxc7 Rxc7 18. Ne5 Bd5 19. c4 Bc6 20. Rd6 Rfc8 21. Red1 Kf8 22. f3 Ke7 23. Kf2 a5 24. R1d2 a4 25. Bd1 Bd5 26. R6xd5 $4 {[%emt 0:03:28][%mdl 8192] Now White is beyond hope.} (26. Rb6 $16 {is necessary to keep the advantage.}) 26... exd5 $19 27. cxd5 Kd6 28. Nd3 Rc4 ({Stronger than} 28... Kxd5 29. Bxa4 Kd6 30. g4 $15) ({Much less strong is} 28... Nxd5 29. Nf4 Rc5 30. b4 $16) 29. b3 axb3 30. Bxb3 R4c7 ({Not} 30... Nxd5 31. Bxc4 Rxc4 32. Nb2 $11) (30... Rd4 $19 {And now ...Re8 would win.} 31. Ke3 Rh4) 31. Nb4 (31. Nf4 $17) 31... Nd7 32. Nc2 {[%emt 0:02:18] [#]} Nc5 $1 33. Bc4 {[%emt 0:00:01] [#]} (33. Na3 $142 Nxb3 34. axb3) 33... Ne4+ $1 34. fxe4 {[%emt 0:00:02] Threatens to win with Bd3.} Rxc4 35. Nd4 Ke5 36. Ke3 Rc3+ 37. Rd3 (37. Ke2 $142) 37... Rxd3+ 38. Kxd3 Ra8 {[%emt 0:00:02] Weighted Error Value: White=0.32/Black=0.12 (very precise)} 0-1

[Event "GER-ch Youth-ODJM 2022 A"]
[Site "Willingen"]
[Date "2022.06.09"]
[Round "7.22"]
[White "Hoffmann, Kay"]
[Black "Pick, Max"]
[Result "0-1"]
[ECO "B24"]
[WhiteElo "1607"]
[BlackElo "1841"]
[Annotator "NA RC COMBH"]
[PlyCount "100"]
[EventDate "2022.06.05"]
[EventType "swiss"]
[EventRounds "9"]
[EventCountry "GER"]
[SourceTitle "playchess.com"]
[Source "ChessBase"]
[SourceQuality "1"]
[TimeControl "40/4500+30:900+30"]

1. e4 c5 2. Nc3 Nc6 3. g3 g6 4. Bg2 Bg7 5. Nge2 Nf6 6. O-O d6 7. d3 O-O 8. h3 Ne8 9. Be3 Nd4 10. Qd2 e5 11. Nd5 Nc7 12. Nxd4 Nxd5 13. exd5 cxd4 14. Bh6 f5 15. Bxg7 Kxg7 16. f4 Qb6 17. fxe5 dxe5 18. Qg5 Qf6 19. Qxf6+ Kxf6 20. c4 Bd7 21. Rac1 Rac8 22. b4 b6 23. Rf2 h5 24. c5 Bb5 25. Rd2 Rf7 26. c6 Ke7 27. Ra1 Ba4 28. Rb1 Bb5 29. a4 Bxa4 30. b5 a6 31. bxa6 b5 32. Ra2 Kd6 33. Bf3 Ra7 34. g4 hxg4 35. hxg4 Rh8 36. gxf5 gxf5 37. Bd1 Rxa6 38. Bxa4 Rxa4 39. Rc2 b4 40. c7 Rc8 41. Rbc1 e4 42. Rc6+ Kd7 43. dxe4 fxe4 44. R6c4 d3 45. Rxe4 Rxc7 46. Rxc7+ Kxc7 47. Kf2 Ra2+ 48. Ke1 b3 49. d6+ Kxd6 50. Rd4+ Kc5 0-1

[Event "GER-ch Youth-ODJM 2022 A"]
[Site "Willingen"]
[Date "2022.06.10"]
[Round "8.1"]
[White "Direk, Oguzhan"]
[Black "Roth, Jonas"]
[Result "0-1"]
[ECO "A45"]
[WhiteElo "1020"]
[BlackElo "1239"]
[Annotator "NA RC COMBH"]
[PlyCount "78"]
[EventDate "2022.06.05"]
[EventType "swiss"]
[EventRounds "9"]
[EventCountry "GER"]
[SourceTitle "playchess.com"]
[Source "ChessBase"]
[SourceQuality "1"]
[TimeControl "40/4500+30:900+30"]

1. d4 Nf6 2. Nc3 d5 3. Bf4 c5 4. e3 Nc6 5. Nf3 Bg4 6. dxc5 e6 7. Bd3 Bxc5 8. h3 Bh5 9. e4 Qb6 10. e5 Bxf2+ 11. Kf1 Nd7 12. Na4 Qb4 13. Bd2 Qxa4 14. Kxf2 Ndxe5 15. g4 Bg6 16. Bxg6 hxg6 17. Nxe5 Nxe5 18. Re1 Nc6 19. Bc3 Qf4+ 20. Kg2 Rh7 21. Qd3 O-O-O 22. a4 Rdh8 23. a5 a6 24. Rab1 Qh6 25. Rh1 Qf4 26. Rhe1 Qc4 27. Qxc4 dxc4 28. Re3 Rd8 29. Rf1 Rd7 30. Re4 e5 31. Rxc4 f6 32. g5 Rd6 33. Kg3 Kd7 34. h4 Ke6 35. gxf6 gxf6 36. Bb4 Rd5 37. Bc3 Nxa5 38. Bxa5 Rxa5 39. Rc7 Rxc7 0-1

[Event "GER-ch Youth-ODJM 2022 A"]
[Site "Willingen"]
[Date "2022.06.10"]
[Round "8.2"]
[White "Jansen, Malte"]
[Black "Ollhoff, Hannes"]
[Result "1/2-1/2"]
[ECO "C01"]
[WhiteElo "1391"]
[BlackElo "1235"]
[Annotator "NA RC COMBH"]
[PlyCount "100"]
[EventDate "2022.06.05"]
[EventType "swiss"]
[EventRounds "9"]
[EventCountry "GER"]
[SourceTitle "playchess.com"]
[Source "ChessBase"]
[SourceQuality "1"]
[TimeControl "40/4500+30:900+30"]

1. e4 e6 2. d4 d5 3. exd5 exd5 4. Bd3 Nc6 5. Nf3 Bd6 6. O-O Bg4 7. c3 Nge7 8. Bg5 f6 9. Bh4 Qd7 10. Nbd2 O-O-O 11. Qc2 g5 12. Bg3 Bxg3 13. fxg3 h5 14. Nb3 Bxf3 15. Rxf3 Rdf8 16. Raf1 Qd6 17. Qf2 Rh6 18. Nc1 h4 19. Ne2 Kb8 20. gxh4 Rxh4 21. Qg3 Qxg3 22. Nxg3 Rh6 23. Nf5 Nxf5 24. Rxf5 Ne7 25. Rxg5 Rfh8 26. Rg7 Ng8 27. Rd7 c6 28. h3 Rh5 29. Rg7 a6 30. Bf5 Rg5 31. Rf7 Rh6 32. Rf8+ Ka7 33. Be6 Rhg6 34. Rf2 Ne7 35. R8xf6 Rxg2+ 36. Rxg2 Rxf6 37. Bg4 Rh6 38. Re2 Ng8 39. Kg2 Nf6 40. Kf3 Kb6 41. Re7 Ne4 42. Bc8 Nd6 43. Bg4 Rf6+ 44. Kg3 Ne4+ 45. Kh4 Rh6+ 46. Bh5 Nf6 47. Re5 a5 48. Kg5 Rxh5+ 49. Kxf6 Rxh3 50. Re2 Rh7 1/2-1/2

[Event "GER-ch Youth-ODJM 2022 A"]
[Site "Willingen"]
[Date "2022.06.10"]
[Round "8.3"]
[White "Fröhlich, Niklas"]
[Black "Hapke, Marvin"]
[Result "1-0"]
[ECO "C54"]
[WhiteElo "1242"]
[BlackElo "1262"]
[Annotator "NA RC COMBH"]
[PlyCount "98"]
[EventDate "2022.06.05"]
[EventType "swiss"]
[EventRounds "9"]
[EventCountry "GER"]
[SourceTitle "playchess.com"]
[Source "ChessBase"]
[SourceQuality "1"]
[TimeControl "40/4500+30:900+30"]

1. e4 e5 2. Nf3 Nc6 3. Bc4 Bc5 4. c3 Nf6 5. d4 exd4 6. cxd4 Bb4+ 7. Nc3 Nxe4 8. O-O Bxc3 9. bxc3 O-O 10. d5 Ne7 11. Bg5 Nxg5 12. Nxg5 d6 13. Qh5 Bf5 14. g4 Bg6 15. Qh3 f5 16. Ne6 fxg4 17. Qg3 Nf5 18. Qxg4 Nh6 19. Qg2 Qf6 20. Nxf8 Rxf8 21. Rac1 Nf5 22. Be2 Nh4 23. Qg3 Nf3+ 24. Bxf3 Qxf3 25. Qxf3 Rxf3 26. Rfe1 Rf6 27. Re6 Rf4 28. Re7 Bd3 29. Rce1 Bc4 30. R1e4 Rxe4 31. Rxe4 Bxd5 32. Re7 c5 33. a3 Bc6 34. f4 a5 35. Kf2 Kf8 36. Rc7 d5 37. Ke3 h6 38. c4 d4+ 39. Kd3 g6 40. h4 h5 41. Kd2 Kg8 42. Re7 Bf3 43. Re5 b6 44. Re6 b5 45. cxb5 c4 46. b6 c3+ 47. Kd3 Kf7 48. Rd6 Be4+ 49. Kxe4 c2 1-0

[Event "GER-ch Youth-ODJM 2022 A"]
[Site "Willingen"]
[Date "2022.06.10"]
[Round "8.4"]
[White "Akcapinar, Timur"]
[Black "Schöne, Finn"]
[Result "1-0"]
[ECO "B21"]
[WhiteElo "1278"]
[BlackElo "1110"]
[Annotator "NA RC COMBH"]
[PlyCount "113"]
[EventDate "2022.06.05"]
[EventType "swiss"]
[EventRounds "9"]
[EventCountry "GER"]
[SourceTitle "playchess.com"]
[Source "ChessBase"]
[SourceQuality "1"]
[TimeControl "40/4500+30:900+30"]

1. e4 c5 2. d4 cxd4 3. c3 dxc3 4. Nxc3 e6 5. Nf3 Nc6 6. Bc4 Bc5 7. O-O a6 8. Bb3 Nge7 9. Qe2 Qc7 10. Be3 Bxe3 11. fxe3 Ng6 12. Ng5 Nge5 13. Qh5 d6 14. Nxh7 Bd7 15. Nf6+ Ke7 16. Qg5 Kf8 17. Nxd7+ Qxd7 18. Na4 Rh6 19. Nb6 Qd8 20. Qxd8+ Rxd8 21. Nc4 Ke7 22. Rad1 b5 23. Nxe5 Nxe5 24. h3 g5 25. Rc1 Rdh8 26. Rc7+ Kd8 27. Ra7 g4 28. Ra8+ Kd7 29. Rxh8 Rxh8 30. hxg4 Nxg4 31. Rxf7+ Ke8 32. Rf3 Ke7 33. Rg3 Rh4 34. Bc2 Kf6 35. Rf3+ Ke5 36. Rf4 d5 37. exd5 exd5 38. Bf5 d4 39. Rxg4 Rh5 40. Bd3 dxe3 41. Re4+ Kd5 42. Rxe3 Kd4 43. Rf3 a5 44. Be2 Re5 45. Bf1 Rc5 46. Rd3+ Ke4 47. Rc3 Rd5 48. Rb3 b4 49. a3 bxa3 50. Rxa3 Ke5 51. Rd3 Rc5 52. Rh3 Rc2 53. Rh5+ Kd4 54. Rxa5 Rxb2 55. Ra8 Ke4 56. Rg8 Rb5 57. Bxb5 1-0

[Event "GER-ch Youth-ODJM 2022 A"]
[Site "Willingen"]
[Date "2022.06.10"]
[Round "8.5"]
[White "Pinto, Phil B"]
[Black "Heß, Maxim"]
[Result "0-1"]
[ECO "D00"]
[WhiteElo "1582"]
[BlackElo "1146"]
[Annotator "NA RC COMBH"]
[PlyCount "62"]
[EventDate "2022.06.05"]
[EventType "swiss"]
[EventRounds "9"]
[EventCountry "GER"]
[SourceTitle "playchess.com"]
[Source "ChessBase"]
[SourceQuality "1"]
[TimeControl "40/4500+30:900+30"]

1. d4 d5 2. Nc3 c5 3. dxc5 e6 4. Bf4 Nc6 5. Nf3 Bxc5 6. e3 a6 7. Bd3 Qe7 8. a3 b5 9. b4 Bb6 10. O-O Nf6 11. Re1 e5 12. Bg5 Be6 13. Be2 Rd8 14. Qd2 d4 15. exd4 Nxd4 16. Nxd4 Bxd4 17. Bd3 Rc8 18. Bxf6 gxf6 19. Ne4 Bxa1 20. Rxa1 f5 21. Ng3 Rd8 22. Qe2 e4 23. Bxb5+ axb5 24. Qxb5+ Qd7 25. Qe5 Rg8 26. h3 Qe7 27. Qb5+ Bd7 28. Qd5 Qe6 29. Qc5 f4 30. Nf5 Qxf5 31. Qxf5 Bxf5 0-1

[Event "GER-ch Youth-ODJM 2022 A"]
[Site "Willingen"]
[Date "2022.06.10"]
[Round "8.6"]
[White "Lau, Lars"]
[Black "Reger, Christoph"]
[Result "1/2-1/2"]
[ECO "A17"]
[WhiteElo "929"]
[BlackElo "1056"]
[Annotator "NA RC COMBH"]
[PlyCount "55"]
[EventDate "2022.06.05"]
[EventType "swiss"]
[EventRounds "9"]
[EventCountry "GER"]
[SourceTitle "playchess.com"]
[Source "ChessBase"]
[SourceQuality "1"]
[TimeControl "40/4500+30:900+30"]

1. c4 Nf6 2. Nc3 e6 3. e3 d5 4. Nf3 Be7 5. Be2 O-O 6. b3 b6 7. Bb2 Bb7 8. a3 Nbd7 9. O-O c5 10. cxd5 Nxd5 11. Nxd5 exd5 12. d4 Nf6 13. Bd3 g6 14. Rc1 Rc8 15. Qe2 Qc7 16. Ba6 Rfd8 17. h3 Bxa6 18. Qxa6 Qc6 19. Ne5 Qc7 20. dxc5 bxc5 21. Nf3 Qb6 22. Qxb6 axb6 23. Rc2 Ne4 24. Rfc1 b5 25. Nd4 Nd6 26. Ne2 Nb7 27. Nd4 Nd6 28. Ne2 1/2-1/2

[Event "GER-ch Youth-ODJM 2022 A"]
[Site "Willingen"]
[Date "2022.06.10"]
[Round "8.7"]
[White "Moissl, Felix"]
[Black "Löffelholz, Simon"]
[Result "1/2-1/2"]
[ECO "C45"]
[WhiteElo "928"]
[BlackElo "1044"]
[Annotator "NA RC COMBH"]
[PlyCount "47"]
[EventDate "2022.06.05"]
[EventType "swiss"]
[EventRounds "9"]
[EventCountry "GER"]
[SourceTitle "playchess.com"]
[Source "ChessBase"]
[SourceQuality "1"]
[TimeControl "40/4500+30:900+30"]

1. e4 e5 2. Nf3 Nc6 3. d4 exd4 4. Nxd4 Bc5 5. Be3 Qf6 6. c3 Nge7 7. Nd2 Bxd4 8. Bxd4 Nxd4 9. cxd4 Qxd4 10. Qc2 O-O 11. Bd3 c6 12. Nf3 Qb6 13. O-O d6 14. e5 Ng6 15. exd6 Rd8 16. Rfe1 Bd7 17. a3 Re8 18. b4 a5 19. Qc5 Qxc5 20. bxc5 Nf4 21. Bc4 Be6 22. Bxe6 Nxe6 23. Rac1 Red8 24. g3 1/2-1/2